TOP OF THE 1ST |
Bowie Baysox batting - Pitching for Frisco RoughRiders : RHP Matt Stutzman
|
Pitching: RHP Matt Stutzman
|
|
Batting: RHB Alfredo Reguera
|
0-0: Reached via error on a dropped throw from 1B, E1 (Groundball, 34S, EV 80.0 MPH)
|
Batting: RHB Maup Gommers
|
0-0: Foul Ball, location: 2F 0-1: Ball 1-1: Ball 2-1: DOUBLE (Line Drive, 9LS, EV 89.4 MPH) Alfredo Reguera to third
|
Batting: LHB Pat Fontana
|
0-0: Ball 1-0: Foul Ball, location: 2F 1-1: Ground out 5-3 (Groundball, 5, EV 85.0 MPH)
|
Batting: RHB Jonathan Mendoza
|
0-0: Called Strike 0-1: Swinging Strike 0-2: Ball 1-2: Ball 2-2: Ball 3-2: Foul Ball, location: 2F 3-2: Base on Balls
|
Batting: RHB Kevin Popowicz
|
0-0: Ball 1-0: Foul Ball, location: 2F 1-1: Swinging Strike 1-2: Fielders Choice at 2nd, 5-4 (Groundball, 56, EV 109.4 MPH) Alfredo Reguera scores Maup Gommers to third
|
Batting: SHB Chris Wright
|
0-0: Ball Wild Pitch! Maup Gommers scores Kevin Popowicz to second 1-0: Ball 2-0: Called Strike 2-1: Called Strike 2-2: Foul Ball, location: 2F 2-2: Ground out 5-3 (Groundball, 5L, EV 83.8 MPH)
|
Top of the 1st over - 2 runs, 1 hit, 1 error, 1 left on base; Bowie 2 - Frisco 0 |
BOTTOM OF THE 1ST |
Frisco RoughRiders batting - Pitching for Bowie Baysox : RHP Clifton Stannard
|
Pitching: RHP Clifton Stannard
|
|
Batting: LHB Yoshinari Nara
|
0-0: Ball 1-0: Called Strike 1-1: Foul Ball, location: 2F 1-2: Strikes out swinging
|
Batting: LHB Jim Pankratz
|
0-0: Foul Ball, location: 2F 0-1: Ground out 6-3 (Groundball, 6, EV 105.0 MPH)
|
Batting: RHB Chance Lamb
|
0-0: Ball 1-0: SINGLE (Flyball, 4MD, EV 91.9 MPH)
|
Batting: RHB Josh Whitmore
|
0-0: Ball 1-0: Called Strike Chance Lamb steals 2nd base 1-1: Foul Ball, location: 2F 1-2: Strikes out swinging
|
Bottom of the 1st over - 0 runs, 1 hit, 0 errors, 1 left on base; Bowie 2 - Frisco 0 |
TOP OF THE 2ND |
Bowie Baysox batting - Pitching for Frisco RoughRiders : RHP Matt Stutzman
|
Pitching: RHP Steve Grier
|
|
Batting: RHB Mike Pitts
|
0-0: Called Strike 0-1: Ball 1-1: Ground out 2-3 (Groundball, 13S, EV 69.4 MPH)
|
Batting: RHB Simon Van Steenwyk
|
0-0: Called Strike 0-1: Ball 1-1: Swinging Strike 1-2: Strikes out swinging
|
Batting: RHB Matt Berrier
|
0-0: Ball 1-0: Fly out, F8 (Flyball, 8LD, EV 96.2 MPH)
|
Top of the 2nd over - 0 runs, 0 hits, 0 errors, 0 left on base; Bowie 2 - Frisco 0 |
BOTTOM OF THE 2ND |
Frisco RoughRiders batting - Pitching for Bowie Baysox : RHP Clifton Stannard
|
Batting: LHB Joseph Martin
|
0-0: Ball 1-0: Ground out 6-3 (Groundball, 6M, EV 83.8 MPH)
|
Batting: RHB Luis Arce
|
0-0: Foul Ball, location: 2F 0-1: Ground out 4-3 (Groundball, 34D, EV 81.9 MPH)
|
Batting: RHB Matt Sanders
|
0-0: Ball 1-0: Ball 2-0: Foul Ball, location: 2F 2-1: Called Strike 2-2: Strikes out looking
|
Bottom of the 2nd over - 0 runs, 0 hits, 0 errors, 0 left on base; Bowie 2 - Frisco 0 |
TOP OF THE 3RD |
Bowie Baysox batting - Pitching for Frisco RoughRiders : RHP Steve Grier
|
Batting: RHB Alfredo Reguera
|
0-0: Ball 1-0: Ball 2-0: Fly out, F9 (Flyball, 89S, EV 89.4 MPH)
|
Batting: RHB Maup Gommers
|
0-0: Called Strike 0-1: Ball 1-1: Swinging Strike 1-2: Foul Ball, location: 2F 1-2: Strikes out swinging
|
Batting: LHB Pat Fontana
|
0-0: Foul Ball, location: 2F 0-1: Ball 1-1: Swinging Strike 1-2: Fly out, F8 (Flyball, 8RD, EV 96.9 MPH)
|
Top of the 3rd over - 0 runs, 0 hits, 0 errors, 0 left on base; Bowie 2 - Frisco 0 |
BOTTOM OF THE 3RD |
Frisco RoughRiders batting - Pitching for Bowie Baysox : RHP Clifton Stannard
|
Batting: RHB Carlos Lopez
|
0-0: Ball 1-0: Ball 2-0: Foul Ball, location: 2F 2-1: Ball 3-1: Base on Balls
|
Batting: RHB Joe Kemp
|
0-0: Called Strike 0-1: Ball 1-1: Ball 2-1: Ball 3-1: Called Strike 3-2: Fly out, F5 (Popup, 15, EV 82.5 MPH)
|
Batting: LHB Yoshinari Nara
|
0-0: Called Strike Carlos Lopez steals 2nd, throwing error, E2 Carlos Lopez to third 0-1: 2-RUN HOME RUN (Line Drive, 9LD, EV 95.6 MPH), Distance : 360 ft
|
Batting: LHB Jim Pankratz
|
0-0: Called Strike 0-1: Called Strike 0-2: Ball 1-2: Foul Ball, location: 2F 1-2: Strikes out swinging
|
Batting: RHB Chance Lamb
|
0-0: Ball 1-0: Called Strike 1-1: Foul Ball, location: 2F 1-2: Ball 2-2: Foul Ball, location: 2F 2-2: Foul Ball, location: 2F 2-2: Ball 3-2: Foul Ball, location: 2F 3-2: Ground out 3-1 (Groundball, 34S, EV 87.5 MPH)
|
Bottom of the 3rd over - 2 runs, 1 hit, 1 error, 0 left on base; Bowie 2 - Frisco 2 |
TOP OF THE 4TH |
Bowie Baysox batting - Pitching for Frisco RoughRiders : RHP Steve Grier
|
Batting: RHB Jonathan Mendoza
|
0-0: Ball 1-0: Called Strike 1-1: Called Strike 1-2: Strikes out swinging
|
Batting: RHB Kevin Popowicz
|
0-0: Ball 1-0: Called Strike 1-1: Foul Ball, location: 2F 1-2: Foul Ball, location: 2F 1-2: Ball 2-2: Foul Ball, location: 2F 2-2: Ball 3-2: Foul Ball, location: 2F 3-2: Strikes out swinging
|
Batting: SHB Chris Wright
|
0-0: Ball 1-0: Ball 2-0: Fly out, F9 (Flyball, 9D, EV 93.8 MPH)
|
Top of the 4th over - 0 runs, 0 hits, 0 errors, 0 left on base; Bowie 2 - Frisco 2 |
BOTTOM OF THE 4TH |
Frisco RoughRiders batting - Pitching for Bowie Baysox : RHP Clifton Stannard
|
Batting: RHB Josh Whitmore
|
0-0: Swinging Strike 0-1: Ball 1-1: Ball 2-1: Ball 3-1: Foul Ball, location: 2F 3-2: Foul Ball, location: 2F 3-2: Ground out 4-3 (Groundball, 4, EV 100.6 MPH)
|
Batting: LHB Joseph Martin
|
0-0: Swinging Strike 0-1: Fly out, F9 (Line Drive, 9, EV 88.1 MPH)
|
Batting: RHB Luis Arce
|
0-0: Foul Ball, location: 2F 0-1: Ball 1-1: Ball 2-1: Foul Ball, location: 2F 2-2: Fly out, F8 (Line Drive, 8RM, EV 93.8 MPH)
|
Bottom of the 4th over - 0 runs, 0 hits, 0 errors, 0 left on base; Bowie 2 - Frisco 2 |
TOP OF THE 5TH |
Bowie Baysox batting - Pitching for Frisco RoughRiders : RHP Steve Grier
|
Batting: RHB Mike Pitts
|
0-0: Foul Ball, location: 2F 0-1: Ball 1-1: Fly out, F9 (Flyball, 89D, EV 100.0 MPH)
|
Batting: RHB Simon Van Steenwyk
|
0-0: Swinging Strike 0-1: Ground out 1-3 (Groundball, 13S, EV 70.6 MPH)
|
Batting: RHB Matt Berrier
|
0-0: Ball 1-0: Ground out 6-3 (Groundball, 6MS, EV 87.5 MPH)
|
Top of the 5th over - 0 runs, 0 hits, 0 errors, 0 left on base; Bowie 2 - Frisco 2 |
BOTTOM OF THE 5TH |
Frisco RoughRiders batting - Pitching for Bowie Baysox : RHP Clifton Stannard
|
Batting: RHB Matt Sanders
|
0-0: Swinging Strike 0-1: Ball 1-1: Foul Ball, location: 2F 1-2: Strikes out swinging
|
Batting: RHB Carlos Lopez
|
0-0: Called Strike 0-1: Ball 1-1: Swinging Strike 1-2: Ball 2-2: Ball 3-2: Strikes out looking
|
Batting: RHB Joe Kemp
|
0-0: Ball 1-0: Swinging Strike 1-1: Ground out 6-3 (Groundball, 6, EV 100.6 MPH)
|
Bottom of the 5th over - 0 runs, 0 hits, 0 errors, 0 left on base; Bowie 2 - Frisco 2 |
TOP OF THE 6TH |
Bowie Baysox batting - Pitching for Frisco RoughRiders : RHP Steve Grier
|
Batting: RHB Alfredo Reguera
|
0-0: Called Strike 0-1: Ground out 6-3 (Groundball, 6, EV 84.4 MPH)
|
Batting: RHB Maup Gommers
|
0-0: Called Strike 0-1: Swinging Strike 0-2: Foul Ball, location: 2F 0-2: SINGLE (Popup, 4D, EV 43.1 MPH)
|
Pitching: RHP George Rubio
|
|
Batting: LHB Pat Fontana
|
0-0: Called Strike 0-1: Ball 1-1: Swinging Strike 1-2: Foul Ball, location: 2F 1-2: Foul Ball, location: 2F 1-2: Strikes out looking
|
Batting: RHB Jonathan Mendoza
|
0-0: Called Strike 0-1: Ball 1-1: Called Strike 1-2: Strikes out swinging
|
Top of the 6th over - 0 runs, 1 hit, 0 errors, 1 left on base; Bowie 2 - Frisco 2 |
BOTTOM OF THE 6TH |
Frisco RoughRiders batting - Pitching for Bowie Baysox : RHP Clifton Stannard
|
Batting: LHB Yoshinari Nara
|
0-0: Ball 1-0: Ball 2-0: Called Strike 2-1: Ball 3-1: Base on Balls
|
Batting: LHB Jim Pankratz
|
0-0: Ball 1-0: SINGLE (Groundball, 56, EV 108.1 MPH) Yoshinari Nara to second
|
Batting: RHB Chance Lamb
|
0-0: Called Strike 0-1: Ball 1-1: Ball 2-1: Called Strike Yoshinari Nara steals 3rd base Jim Pankratz to second 2-2: Fly out, F7 (Flyball, 7S, EV 90.6 MPH)
|
Batting: RHB Josh Whitmore
|
0-0: Ball 1-0: Ground out 3-1 (Groundball, 34S, EV 88.1 MPH)
|
Batting: LHB Joseph Martin
|
0-0: Intentional Walk
|
Batting: RHB Luis Arce
|
0-0: Ball 1-0: Swinging Strike 1-1: Swinging Strike 1-2: Ball 2-2: Ball 3-2: SINGLE (Groundball, 56D, EV 98.1 MPH) Yoshinari Nara scores Jim Pankratz to third Joseph Martin to second Jim Pankratz scores Joseph Martin to third
|
Pitching: RHP Shane Kruger
|
|
Batting: RHB Matt Sanders
|
0-0: Ball Wild Pitch! Joseph Martin scores Luis Arce to second 1-0: Called Strike 1-1: Called Strike 1-2: Fly out, F8 (Flyball, 8RD, EV 98.1 MPH)
|
Bottom of the 6th over - 3 runs, 2 hits, 0 errors, 1 left on base; Bowie 2 - Frisco 5 |
TOP OF THE 7TH |
Bowie Baysox batting - Pitching for Frisco RoughRiders : RHP George Rubio
|
Batting: RHB Kevin Popowicz
|
0-0: Swinging Strike 0-1: Foul Ball, location: 2F 0-2: Ball 1-2: Ball 2-2: Foul Ball, location: 2F 2-2: Strikes out swinging
|
Batting: SHB Chris Wright
|
0-0: Foul Ball, location: 2F 0-1: Swinging Strike 0-2: Foul Ball, location: 2F 0-2: Strikes out looking
|
Batting: RHB Mike Pitts
|
0-0: Ball 1-0: Ground out 3-1 (Groundball, 34S, EV 81.2 MPH)
|
Top of the 7th over - 0 runs, 0 hits, 0 errors, 0 left on base; Bowie 2 - Frisco 5 |
BOTTOM OF THE 7TH |
Frisco RoughRiders batting - Pitching for Bowie Baysox : RHP Shane Kruger
|
Batting: RHB Carlos Lopez
|
0-0: Ball 1-0: Swinging Strike 1-1: Ground out 5-3 (Groundball, 5S, EV 82.5 MPH)
|
Batting: RHB Joe Kemp
|
0-0: Ball 1-0: Ball 2-0: Called Strike 2-1: Ball 3-1: Ground out 4-3 (Groundball, 4M, EV 106.9 MPH)
|
Batting: LHB Yoshinari Nara
|
0-0: Ball 1-0: Ball 2-0: Swinging Strike 2-1: Ball 3-1: Fly out, F8 (Flyball, 78D, EV 100.6 MPH)
|
Bottom of the 7th over - 0 runs, 0 hits, 0 errors, 0 left on base; Bowie 2 - Frisco 5 |
TOP OF THE 8TH |
Bowie Baysox batting - Pitching for Frisco RoughRiders : RHP George Rubio
|
Batting: RHB Simon Van Steenwyk
|
0-0: Ball 1-0: Called Strike 1-1: Ball 2-1: Fly out, F6 (Line Drive, 6D, EV 76.2 MPH)
|
Pinch Hitting: RHB Ethan Finke
|
0-0: Called Strike 0-1: Swinging Strike 0-2: Ball 1-2: Strikes out swinging
|
Batting: RHB Alfredo Reguera
|
0-0: Ball 1-0: Ball 2-0: Ball 3-0: Called Strike 3-1: Base on Balls
|
Batting: RHB Maup Gommers
|
0-0: Ball 1-0: Ball 2-0: Called Strike 2-1: Foul Ball, location: 2F 2-2: Fielders Choice at 2nd, 6-4 (Groundball, 6, EV 90.6 MPH)
|
Top of the 8th over - 0 runs, 0 hits, 0 errors, 1 left on base; Bowie 2 - Frisco 5 |
BOTTOM OF THE 8TH |
Frisco RoughRiders batting - Pitching for Bowie Baysox : RHP Shane Kruger
|
Now at SS: Ethan Finke
|
|
Batting: LHB Jim Pankratz
|
0-0: Foul Ball, location: 2F 0-1: Ball 1-1: Called Strike 1-2: Strikes out swinging
|
Batting: RHB Chance Lamb
|
0-0: Ball 1-0: Ground out U3 (Groundball, 34, EV 89.4 MPH)
|
Batting: RHB Josh Whitmore
|
0-0: Called Strike 0-1: Ball 1-1: Ball 2-1: SINGLE (Groundball, 34D, EV 100.6 MPH)
|
Batting: LHB Joseph Martin
|
0-0: Ball 1-0: Swinging Strike 1-1: Ground out 4-3 (Groundball, 34S, EV 90.6 MPH)
|
Bottom of the 8th over - 0 runs, 1 hit, 0 errors, 1 left on base; Bowie 2 - Frisco 5 |
TOP OF THE 9TH |
Bowie Baysox batting - Pitching for Frisco RoughRiders : RHP George Rubio
|
Pitching: LHP Alex Boites
|
|
Batting: LHB Pat Fontana
|
0-0: Swinging Strike 0-1: Called Strike 0-2: Foul Ball, location: 2F 0-2: Ball 1-2: Ground out 4-3 (Groundball, 4, EV 91.2 MPH)
|
Batting: RHB Jonathan Mendoza
|
0-0: Swinging Strike 0-1: Ball 1-1: Foul Ball, location: 2F 1-2: Strikes out swinging
|
Batting: RHB Kevin Popowicz
|
0-0: Ball 1-0: Called Strike 1-1: Fly out, F7 (Line Drive, 78M, EV 87.5 MPH)
|
Top of the 9th over - 0 runs, 0 hits, 0 errors, 0 left on base; Bowie 2 - Frisco 5 |
|